 Dungeon Crawl Stone Soup version 0.31-a0-960-g0fca184906 (webtiles) character file.

Game seed: 12356162504231429237

501 Fodor the Slasher (level 6, -5/55 HPs)
             Began as a Minotaur Fighter on Oct 24, 2023.
             Slain by an ogre
             ... wielding a +0 giant club
              (8 damage)
             ... on level 5 of the Dungeon.
             The game lasted 00:21:50 (3613 turns).

Fodor the Slasher (Minotaur Fighter)                Turns: 3613, Time: 00:21:51

Health: -5/55      AC:  9    Str: 23    XL:     6   Next: 95%
Magic:  5/5        EV:  9    Int:  5    God:
Gold:   223        SH:  7    Dex: 15    Spells: 5/5 levels left

rFire   . . .        x - +2 war axe (venom)
rCold   . . .        y - +2 buckler
rNeg    . . .        q - +0 chain mail
rPois   .            (helmet restricted)
rElec   .            (no cloak)
rCorr   .            (no gloves)
SInv    .            (no boots)
Will    .....        (no amulet) Stlth
                     s - +6 ring of dexterity
HPRegen 0.29/turn    (no ring)
MPRegen 0.09/turn

%: no passive effects
@: no status effects
A: horns 2, retaliatory headbutt
a: no special abilities


You were on level 5 of the Dungeon.
You visited 1 branch of the dungeon, and saw 5 of its levels.

You collected 223 gold pieces.

Inventory:

Hand Weapons
 a - a +0 flail of protection
 w - a +0 arbalest
 x - a +2 war axe of venom (weapon)
Missiles
 j - 4 datura-tipped darts
 n - 2 poisoned darts (quivered)
Armour
 q - a +0 chain mail (worn)
 y - a +2 buckler (worn)
Jewellery
 s - a +6 ring of dexterity (left hand)
Wands
 r - a wand of quicksilver (6)
Scrolls
 c - a scroll of teleportation {unknown}
 g - a scroll of summoning {unknown}
 h - a scroll of torment {unknown}
 k - 7 scrolls of identify {unknown}
 l - 2 scrolls of immolation {unknown}
 p - a scroll of amnesia {unknown}
 v - a scroll of vulnerability {unknown}
Potions
 b - a potion of attraction {unknown}
 d - 4 potions of might
 e - 2 potions of curing {unknown}
 f - 4 potions of brilliance {unknown}
 i - 2 potions of degeneration {unknown}
 m - a potion of lignification {unknown}
 o - 2 potions of cancellation {unknown}
 t - a potion of mutation {unknown}
 u - a potion of magic {unknown}
 z - a potion of enlightenment {unknown}


   Skills:
 + Level 4.9 Fighting
 + Level 5.7 Long Blades
 + Level 2.7 Maces & Flails
 + Level 5.4 Armour
 + Level 1.5 Dodging
 + Level 0.1 Stealth
 + Level 4.5 Shields


You had 5 spell levels left.
You didn't know any spells.
Your spell library contained the following spells:

 Spells                   Type           Power      Damage    Failure   Level
 Apportation              Tloc           0%         N/A       98%         1
 Necrotise                Necr           0%         1d4       98%         1
 Summon Small Mammal      Summ           0%         N/A       98%         1
 Call Canine Familiar     Summ           0%         N/A       100%        3
 Inner Flame              Hex/Fire       0%         N/A       100%        3
 Sigil of Binding         Hex            0%         N/A       100%        3
 Dimensional Bullseye     Hex/Tloc       0%         N/A       100%        4
 Flame Wave               Conj/Fire      0%         2d4       100%        4
 Leda's Liquefaction      Hex/Erth       0%         N/A       100%        4
 Sticky Flame             Conj/Fire      0%         2d3       100%        4
 Lee's Rapid Deconstruct  Erth           0%         3d4*      100%        5
 Bombard                  Conj/Erth      0%         9d1       100%        6
 Conjure Ball Lightning   Conj/Air       0%         3x3d6     100%        6
 Discord                  Hex            0%         N/A       100%        8
 Disjunction              Tloc           0%         N/A       100%        8


Dungeon Overview and Level Annotations

Branches:
Dungeon (5/15)
 Temple: D:4-7

Altars:
Cheibriados
Makhleb
Wu Jian
Yredelemnul


Innate Abilities, Weirdness & Mutations

You have a pair of horns on your head.
You reflexively headbutt those who attack you in melee.


Message History

a +0 hand axe; an orc corpse You hear the slow rusting of a very distant drain.
Found 5 stones.
Found a quarterstaff.
Found 8 stones.
Found an ornate altar of the Wu Jian Council.
Found 6 stones.
You see here a +0 quarterstaff.
You hear the slow rusting of a very distant drain.
Found a shiny buckler and a scroll labelled NAFOYM ISODEXT.
You see here a +2 buckler.
y - a +2 buckler You start removing your armour.
You continue taking off your +0 buckler. x4
You finish taking off your +0 buckler.
You start putting on your armour.
You continue putting on your +2 buckler. x5
You finish putting on your +2 buckler.
You drop a +0 buckler.
Found a stone staircase leading down.
c - a scroll labelled NAFOYM ISODEXT An ogre comes into view.
It is wielding a +0 giant club.
The ogre moves out of view.
The ogre hits you with a +0 giant club!
You slash the ogre!
The ogre is heavily wounded.
The ogre hits you with a +0 giant club!
You slash the ogre! Your headbutt misses the ogre.
The ogre is severely wounded.
The ogre hits you with a +0 giant club!
* * * LOW HITPOINT WARNING * * *
You hit the ogre.
The ogre is severely wounded.
The ogre hits you with a +0 giant club!
* * * LOW HITPOINT WARNING * * *
You hit the ogre.
The ogre is almost dead.
You hear the rusting of a very distant drain.
The ogre hits you with a +0 giant club!
You die...

#...#....#..# #.###
##..........# #.###
#...........## #.##.
#............###.#..
#............##....#
###.......#..##..###
#.......#.......##
#O...[.......#....
#@.#..######.#.##.
#.##.## #......
#....# #######
#..### #..# ####


You could see an ogre.

Vanquished Creatures
  A black bear (D:4)
  A scorpion (D:4)
  A jelly (D:4)
  2 hounds
  An orc priest (D:5)
  An iguana (D:4)
  An iron imp (D:4)
  6 adders
  A white imp (D:5)
  A worm (D:4)
  5 dart slugs
  9 orcs
  9 ball pythons
  8 endoplasms
  4 giant cockroaches
  4 goblins
  6 hobgoblins
  6 jackals
  4 quokkas
  12 bats
  8 frilled lizards
  8 kobolds
  3 rats (D:1)
102 creatures vanquished.

Notes
Turn   | Place    | Note
-------+----------+-------------------------------------------
     0 | D:1      | Fodor the Minotaur Fighter began the quest for the Orb.
     0 | D:1      | Reached XP level 1. HP: 19/19 MP: 0/0
   280 | D:1      | Reached XP level 2. HP: 17/27 MP: 1/1
   554 | D:1      | Reached XP level 3. HP: 32/33 MP: 2/2
   906 | D:2      | Found a faded altar of an unknown god.
  1733 | D:2      | Reached XP level 4. HP: 34/41 MP: 3/3
  1816 | D:3      | Found a burning altar of Makhleb.
  2202 | D:3      | Reached skill level 1 in Dodging
  2471 | D:4      | Reached XP level 5. HP: 46/47 MP: 4/4
  2556 | D:4      | Noticed a black bear
  2560 | D:4      | Reached skill level 5 in Long Blades
  2564 | D:4      | Killed a black bear
  2565 | D:4      | Reached skill level 1 in Maces & Flails
  2565 | D:4      | Reached XP level 6. HP: 30/53 MP: 5/5
  2838 | D:4      | Reached skill level 5 in Armour
  2849 | D:4      | Found a snail-covered altar of Cheibriados.
  3366 | D:5      | Entered Level 5 of the Dungeon
  3457 | D:5      | Found a basalt altar of Yredelemnul.
  3522 | D:5      | Found an ornate altar of the Wu Jian Council.
  3612 | D:5      | HP: 2/55 [ogre/+0 giant club (9)]
  3613 | D:5      | Slain by an ogre

Illustrated notes

Levels and vault maps discovered:
D:1:      minmay_arrival_shattered_statue, layout_basic
D:2:      layout_basic, ebering_ecumenical_altar_sacrificial
D:3:      minmay_razor_zed, layout_rooms, bloody_makhleb
D:4:      layout_loops_ring, slow_altar_2, minivault_5, nicolae_tricolors
D:5:      layout_rooms, mainiacjoe_overflow_brackets, nzn_wu_jian_contemplation,
          cheibrodos_sewer_entry_bend, nicolae_shop_unique_rings

Skill      XL: |  1  2  3  4  5  6 |
---------------+-------------------+-----
Fighting       | 4 |  4.9
Long Blades    | 3 4 5 |  5.7
Shields        | 4 |  4.5
Armour         | 4 5 |  5.4
Dodging        | 1 |  1.5
Maces & Flails | 1 2 |  2.7
Stealth        | |  0.1

Action                     |  1- 3 |  4- 6 || total
---------------------------+-------+-------++-------
  Melee: Long sword        |    89 |    47 ||   136
         Headbutt          |    18 |    20 ||    38
         Flail             |       |    89 ||    89
         War axe           |       |     4 ||     4
 Armour: Scale mail        |    97 |     8 ||   105
         Chain mail        |       |    93 ||    93
  Dodge: Dodged            |    62 |    58 ||   120
  Block: Buckler           |    31 |    27 ||    58

Table legend: (Time is in decaauts)
 A = Elapsed time spent in this place.
 B = Non-inter-level travel time spent in this place.
 C = Inter-level travel time spent in this place.
 D = Time resting spent in this place.
 E = Time spent auto-exploring this place.
 F = Levels seen in this place.
 G = Mean time per level.
                   A        B        C        D        E       F      G
               +--------+--------+--------+--------+--------+-----+--------+
         Total |   3678 |   3476 |    202 |      0 |      0 |   5 |  735.6 |
       Dungeon |   3678 |   3476 |    202 |      0 |      0 |   5 |  735.6 |
               +--------+--------+--------+--------+--------+-----+--------+

Top non-repeatable levels by time:
     D:4: 943 daAuts
     D:2: 936 daAuts
     D:1: 879 daAuts
     D:3: 666 daAuts
     D:5: 252 daAuts
